 Dungeon Crawl Stone Soup version 0.27-a0-797-g27d10ad80f (webtiles) character file.

Game seed: 163889210120013825

13913 scarywalker64 the Frost Mage (level 11, -12/89 HPs)
             Began as a Demigod Ice Elementalist on Mar 27, 2021.
             Succumbed to a redback's poison
             ... on level 2 of the Lair of Beasts.
             The game lasted 00:46:58 (18960 turns).

scarywalker64 the Frost Mage (DgIE)                Turns: 18960, Time: 00:46:59

Health: -12/89     AC: 15    Str: 17    XL:     11   Next: 52%
Magic:  27/27      EV: 12    Int: 21    God:
Gold:   832        SH:  0    Dex: 14    Spells: 6/26 levels left

rFire    . . .     SeeInvis .   I - +3 battleaxe
rCold    + . .     Faith    .   (shield currently unavailable)
rNeg     . . .     Spirit   .   n - +2 ring mail {rC+}
rPois    .         Reflect  .   (no helmet)
rElec    .         Harm     .   (no cloak)
rCorr    .         Rampage  .   a - +0 pair of gloves
Will     +....                  v - +1 pair of boots {Stlth+}
Stlth    ++........             g - amulet of magic regeneration
HPRegen  0.24/turn              i - ring of wizardry
MPRegen  0.45/turn              f - +4 ring of protection

@: lethally poisoned (-12 -> -65)
A: high mp 1, forlorn
a: no special abilities


You were on level 2 of the Lair of Beasts.
You visited 3 branches of the dungeon, and saw 14 of its levels.
You also visited: Ossuary.

You collected 832 gold pieces.

Inventory:

Hand Weapons
 A - a +2 morningstar
 I - a +3 battleaxe (weapon)
 M - a +0 hand crossbow
Missiles
 d - 414 stones
 e - 89 sling bullets
 l - 97 bolts
 p - 258 arrows
 H - a curare-tipped dart
Armour
 a - a +0 pair of gloves (worn)
 n - a +2 ring mail of cold resistance (worn)
 v - a +1 pair of boots of stealth (worn)
Magical Staves
 x - a staff of earth
Jewellery
 f - a +4 ring of protection (right hand)
 g - an amulet of magic regeneration (around neck)
 i - a ring of wizardry (left hand)
Wands
 t - a wand of digging (5)
 E - a wand of iceblast (27)
Scrolls
 c - 3 scrolls of fog
 j - 4 scrolls of amnesia
 y - a scroll of enchant weapon
 z - a scroll of brand weapon
 B - a scroll of magic mapping
 C - 2 scrolls of enchant armour
 D - a scroll of acquirement
 F - a scroll of teleportation
 G - a scroll of summoning
 J - a scroll of noise
 K - a scroll of blinking {unknown}
Potions
 b - 7 potions of curing
 h - 2 potions of flight
 k - 3 potions of cancellation
 m - 4 potions of mutation
 o - 3 potions of haste
 q - 4 potions of lignification
 r - a potion of ambrosia
 s - 2 potions of might
 u - a potion of berserk rage
 w - 3 potions of heal wounds
 N - a potion of brilliance
Miscellaneous
 L - a phial of floods


   Skills:
 * Level 6.2 Fighting
 - Level 3.0(4.0) Axes
 - Level 3.8(4.3) Maces & Flails
 + Level 5.1 Armour
 + Level 4.0 Dodging
 - Level 2.0 Stealth
 * Level 6.7 Shields
 * Level 8.2 Spellcasting
 + Level 1.2 Summonings
 * Level 9.6 Ice Magic


You had 6 spell levels left.
You knew the following spells:

 Your Spells              Type           Power      Damage    Failure   Level
a - Freeze                Ice            100%       1d11      1%          1
b - Blink                 Tloc           N/A        N/A       9%          2
c - Frozen Ramparts       Ice            98%        1d11      1%          3
d - Ozocubu's Armour      Ice            49%        N/A       1%          3
e - Mephitic Cloud        Conj/Pois/Air  8%         N/A       16%         3
f - Hailstorm             Conj/Ice       28%        3d8       8%          4
g - Summon Ice Beast      Ice/Summ       31%        N/A       6%          4

Your spell library contained the following spells:

 Spells                   Type           Power      Damage    Failure   Level
 Call Imp                 Summ           13%        N/A       4%          2
 Magic Dart               Conj           32%        1d4       6%          1
 Sting                    Tmut/Pois      32%        1d4       6%          1
 Poisonous Vapours        Pois/Air       16%        N/A       9%          2
 Slow                     Hex            8%         N/A       9%          2
 Confusing Touch          Hex            8%         N/A       16%         3
 Conjure Flame            Conj/Fire      8%         6-21      16%         3
 Gell's Gravitas          Tloc           4%         N/A       16%         3
 Ignite Poison            Fire/Tmut/Pois 8%         N/A       16%         3
 Metabolic Englaciation   Hex/Ice        14%        N/A       21%         5
 Olgreb's Toxic Radiance  Pois           8%         N/A       45%         4
 Petrify                  Tmut/Erth      8%         N/A       45%         4
 Yara's Violent Unravell  Hex/Tmut       4%         3d4       80%         5


Dungeon Overview and Level Annotations

Branches:
Dungeon (11/15)            Temple (1/1) D:7            Lair (2/6) D:10
 Spider (0/4) Lair:2          Orc (0/2) D:11        Ossuary (visited)
  Swamp: Lair:2-4    Shoals: Lair:2-4

Shops:
D:6 *

Annotations:
D:11 1 runed translucent door


Innate Abilities, Weirdness & Mutations

Your attributes grow dramatically as you level up.
You have an increased reservoir of magic. (+10% MP)
You shall have no god before yourself.


Message History

There is a stone staircase leading down here.
As you read the scroll of identify, it crumbles to dust.
B - a scroll of magic mapping
As you read the scroll of identify, it crumbles to dust.
N - a potion of brilliance Drop what? 39/52 slots (_ for help) (? for menu, Esc to quit)
Okay, then.
Unknown command.
Done exploring.
There is a stone staircase leading down here.
There is an escape hatch in the floor here.
You slide downwards.
The hatch slams shut behind you.
Found a stone staircase leading down. 2 jumping spiders and a redback come into view. 2 jumping spiders come into view.
The jumping spider hisses angrily. x2; You hear a bellow!
The jumping spider hisses angrily.
Found a hole to the Spider Nest.
You see here a scroll labelled KAL LAN PAIHI.
K - a scroll labelled KAL LAN PAIHI The jumping spider leaps!
The jumping spider leaps!
The jumping spider leaps! x2; The redback misses you.
The jumping spider pounces on you but does no damage.
The jumping spider bites you but does no damage.
You closely miss the jumping spider. You closely miss the redback.
The redback bites you but does no damage.
The jumping spider leaps!
The jumping spider misses you.
The jumping spider bites you but does no damage.
The redback bites you.
You are poisoned.
The redback poisons you! The jumping spider barely misses you.
The jumping spider closely misses you.
You feel extremely sick. The jumping spider closely misses you.
The jumping spider barely misses you. The redback bites you.
You are lethally poisoned!
The redback poisons you!
Ouch! That really hurt!
You die...

##...................###P.....
##..#.............#..#.......
#...#####.........##.....<...
#P.. ##.......#####....#P.
##.. #.......## #..###.. #..
#..<.....# #P.. #..
###.......## ##. ##.
#.........# #. . ###..@....##
. . ##..s.....# .# .
#.ss.....##. ###.s.........
#............ #............
#P........... ##...........
#...........


You could see 3 jumping spiders and a redback.

Vanquished Creatures
  A hydra (Lair:1)
  A two-headed ogre (D:8)
  A cyclops (D:11)
  A black mamba (Lair:1)
  A cane toad (Lair:1)
  3 komodo dragons
  An unseen horror (D:10)
  A troll (D:9)
  3 blink frogs (Lair:1)
  Sigmund (D:6)
  A shadow (D:10)
  20 yaks
  A wraith (D:11)
  2 steam dragons
  5 vampire mosquitoes (D:10)
  Menkaure (D:6)
  4 water moccasins
  4 orc warriors
  A sky beast (D:8)
  3 necrophages
  An ice beast (D:5)
  5 centaurs
  2 bullfrogs
  A kobold brigand (D:8)
  Blork the orc (D:6)
  A gnoll sergeant (D:7)
  3 water moccasin zombies (Ossuary)
  A jelly (D:5)
  2 water moccasin skeletons (D:5)
  A scorpion (D:4)
  12 wights
  9 killer bees
  An electric eel (D:10)
  A howler monkey (D:5)
  6 centaur zombies
  2 bullfrog zombies
  7 orc priests
  A hound (D:7)
  2 bullfrog skeletons (D:5)
  A gnoll shaman (D:4)
  An iguana (D:2)
  3 orc wizards
  A hound zombie (D:5)
  A hound skeleton (D:5)
  2 mummies (Ossuary)
  8 gnolls
  8 adders
  A white imp (D:7)
  2 ufetubi (D:5)
  2 adder zombies (Ossuary)
  A worm (D:3)
  2 dart slugs
  17 orcs
  8 ball pythons
  4 endoplasms
  2 giant cockroaches
  5 goblins
  7 hobgoblins
  A quokka (D:1)
  6 bats
  4 frilled lizards
  6 gnoll zombies (Ossuary)
  2 goblin zombies (D:5)
  3 hobgoblin zombies (Ossuary)
  13 kobolds
  4 kobold zombies (Ossuary)
  7 orc zombies (Ossuary)
  2 rats
239 creatures vanquished.

Vanquished Creatures (collateral kills)
  A two-headed ogre (D:9)
  A yak (D:11)
2 creatures vanquished.

Vanquished Creatures (others)
  5 fungi (Lair:1)
  5 plants
10 creatures vanquished.

Grand Total: 251 creatures vanquished

Notes
Turn   | Place    | Note
-------+----------+-------------------------------------------
     0 | D:1      | scarywalker64 the Demigod Ice Elementalist began the quest
                  | for the Orb.
     0 | D:1      | Reached XP level 1. HP: 14/14 MP: 5/5
   153 | D:1      | Reached skill level 4 in Ice Magic
   418 | D:1      | Reached XP level 2. HP: 16/20 MP: 7/7
  1172 | D:2      | Learned a level 2 spell: Blink
  1291 | D:2      | HP: 1/22 [iguana (14)]
  1293 | D:2      | Reached XP level 3. HP: 1/27 MP: 3/8
  1676 | D:2      | Reached skill level 1 in Shields
  2456 | D:3      | Noticed a necrophage
  2463 | D:2      | Learned a level 3 spell: Frozen Ramparts
  2813 | D:3      | Reached XP level 4. HP: 34/34 MP: 9/9
  3226 | D:3      | Reached skill level 1 in Fighting
  3791 | D:3      | Killed a necrophage
  3792 | D:3      | Reached skill level 1 in Maces & Flails
  3792 | D:3      | Reached XP level 5. HP: 37/40 MP: 1/11
  4866 | D:5      | Entered Level 5 of the Dungeon
  4874 | D:5      | Reached XP level 6. HP: 40/48 MP: 13/13
  5217 | D:5      | Reached skill level 1 in Armour
  5217 | D:5      | Reached skill level 5 in Ice Magic
  5289 | D:5      | Noticed a yak
  5289 | D:5      | Noticed a water moccasin
  5296 | D:5      | Killed a water moccasin
  5562 | D:5      | Found a sand-covered staircase.
  5569 | Ossuary  | Entered an ossuary
  5635 | Ossuary  | Reached XP level 7. HP: 42/56 MP: 13/15
  6019 | D:5      | Learned a level 3 spell: Ozocubu's Armour
  6173 | D:5      | Killed a yak
  6480 | D:5      | Reached XP level 8. HP: 42/63 MP: 17/17
  6739 | D:5      | Learned a level 3 spell: Mephitic Cloud
  7239 | D:6      | Noticed Blork the orc
  7249 | D:6      | Killed Blork the orc
  7465 | D:6      | Reached skill level 6 in Ice Magic
  7756 | D:6      | Noticed Menkaure
  7772 | D:6      | HP: 2/63 [Menkaure/nerve-wracking pain (9)]
  7773 | D:6      | Killed Menkaure
  8228 | D:6      | Found Afuiduom's Assorted Antiques.
  8471 | D:6      | Noticed Sigmund
  8493 | D:6      | Killed Sigmund
  8837 | D:6      | Reached skill level 1 in Axes
  8837 | D:6      | Reached skill level 5 in Spellcasting
  8837 | D:6      | Reached XP level 9. HP: 71/71 MP: 14/20
  9108 | D:7      | Found a staircase to the Ecumenical Temple.
  9173 | Temple   | Entered the Ecumenical Temple
 11238 | D:8      | Noticed a two-headed ogre
 11266 | D:8      | Killed a two-headed ogre
 11267 | D:8      | Reached skill level 5 in Shields
 11267 | D:8      | Reached skill level 7 in Ice Magic
 11510 | D:8      | Reached skill level 5 in Fighting
 12918 | D:9      | Reached XP level 10. HP: 78/81 MP: 19/22
 13287 | D:9      | Noticed a two-headed ogre
 13294 | D:9      | Learned a level 4 spell: Hailstorm
 13299 | D:9      | Learned a level 4 spell: Summon Ice Beast
 13306 | D:9      | Killed a two-headed ogre
 13584 | D:9      | Identified a scroll of acquirement
 13588 | D:10     | Entered Level 10 of the Dungeon
 13982 | D:9      | Reached skill level 8 in Ice Magic
 14905 | D:10     | Found a staircase to the Lair.
 15826 | D:11     | Reached skill level 1 in Summonings
 15918 | D:11     | Reached XP level 11. HP: 89/89 MP: 13/26
 15934 | D:11     | Reached skill level 9 in Ice Magic
 16065 | D:11     | Found a staircase to the Orcish Mines.
 16210 | D:11     | Found a runed translucent door.
 16365 | D:11     | Noticed a death knight
 16365 | D:11     | Noticed a skeletal warrior
 16598 | Lair:1   | Entered Level 1 of the Lair of Beasts
 16906 | Lair:1   | Noticed a six-headed hydra
 17451 | Lair:1   | Reached skill level 5 in Armour
 17746 | Lair:1   | Killed a six-headed hydra
 18949 | Lair:2   | Found a hole to the Spider Nest.
 18960 | Lair:2   | Succumbed to a redback's poison

Illustrated notes

Levels and vault maps discovered:
D:1:      amcnicky_arrival_flooded_fountain, layout_basic, serial_glass,
          glass_columns_a, glass_columns_a, feat_on_display, item_on_display_a,
          due_unseen_surprise, item_on_display_a,
          nemelex_xobeh_ov_fountains_minmay
D:2:      minmay_chambers_of_twos, layout_loops_ring,
          chequers_ecumenical_altar_island, kennysheep_cluttered_room,
          minmay_misc_feat_tower
D:3:      layout_basic
D:4:      layout_cave_pools
D:5:      minmay_clustersquares, layout_loops_corners, enter_ossuary_4
D:6:      layout_loops_ring, serial_shops, shop, uniq_blork_the_orc,
          uniq_menkaure, uniq_sigmund
D:7:      layout_basic, minmay_temple_entry_overgrown
D:8:      layout_loops_ring, tso_altar
D:9:      layout_roguey
D:10:     layout_basic, lair_entry_dummy, serial_bayou_pond_b
D:11:     gammafunk_indiana_jones, layout_long_grid, orc_0_dummy
Temple:   kilobyte_greek_temple
Lair:1:   layout_small_grid, minivault_23
Lair:2:   cheibrodos_lair_river_kwai, layout_small_grid, spider_nest_entry_a,
          beast_lair_carwin_4

Skill      XL: |  1  2  3  4  5  6  7  8  9 10 11 |
---------------+----------------------------------+-----
Ice Magic      | 4 5 6 7 8 9 |  9.6
Stealth        | 2 |  2.0
Shields        | 1 2 3 4 5 6 |  6.7
Spellcasting   | 2 3 5 7 8 |  8.2
Fighting       | 1 2 3 5 6 |  6.2
Maces & Flails | 1 2 3 |  3.8
Dodging        | 2 3 4 |  4.0
Armour         | 1 2 3 4 5 |  5.1
Axes           | 1 3 |  3.0
Summonings     | 1 |  1.2

Action                   |  1- 3 |  4- 6 |  7- 9 | 10-12 || total
-------------------------+-------+-------+-------+-------++-------
Melee: Whip              |    70 |   123 |   136 |       ||   329
       Battleaxe         |       |       |   166 |   140 ||   306
 Cast: Freeze            |     9 |    13 |    23 |    29 ||    74
       Frozen Ramparts   |       |     4 |    26 |    28 ||    58
       Ozocubu's Armour  |       |       |    21 |    21 ||    42
       Summon Ice Beast  |       |       |       |    10 ||    10
       Hailstorm         |       |       |       |     2 ||     2
       Blink             |       |       |       |     1 ||     1
Evoke: Wand              |       |       |     2 |       ||     2
  Use: Potion            |     1 |       |       |     1 ||     2
       Scroll            |       |     4 |     9 |    12 ||    25
 Stab: Sleeping          |     5 |     1 |     4 |     1 ||    11
Armor: Robe              |    16 |     4 |       |       ||    20
       Ring mail         |       |    32 |   179 |   229 ||   440
Dodge: Dodged            |    58 |    63 |   246 |   184 ||   551

Table legend: (Time is in decaauts)
 A = Elapsed time spent in this place.
 B = Non-inter-level travel time spent in this place.
 C = Inter-level travel time spent in this place.
 D = Time resting spent in this place.
 E = Time spent auto-exploring this place.
 F = Levels seen in this place.
 G = Mean time per level.
                   A        B        C        D        E       F      G
               +--------+--------+--------+--------+--------+-----+--------+
         Total |  19161 |  17810 |   1351 |      0 |  14902 |  15 | 1277.4 |
       Dungeon |  16236 |  15017 |   1219 |      0 |  12540 |  11 | 1476.0 |
        Temple |    146 |    135 |     11 |      0 |    134 |   1 |  146.0 |
          Lair |   2384 |   2263 |    121 |      0 |   1965 |   2 | 1192.0 |
       Ossuary |    393 |    393 |      0 |      0 |    263 |   1 |  393.0 |
               +--------+--------+--------+--------+--------+-----+--------+

Top non-repeatable levels by time:
  Lair:1: 2293 daAuts
     D:6: 1929 daAuts
     D:5: 1904 daAuts
    D:10: 1882 daAuts
     D:7: 1670 daAuts
     D:3: 1657 daAuts
     D:8: 1570 daAuts
     D:2: 1378 daAuts
     D:9: 1337 daAuts
     D:1: 1252 daAuts
    D:11: 838 daAuts
     D:4: 815 daAuts
 Ossuary: 393 daAuts
  Temple: 146 daAuts
  Lair:2: 90 daAuts
